 Dungeon Crawl Stone Soup version 0.27-a0-67-g4bfc8a49e1 (webtiles) character file.

Game seed: 16929673624174236482

140 wythoutpain the Vexing (level 5, 0/49 HPs)
             Began as an Ogre Arcane Marksman on Jan 9, 2021.
             Slain by a hound zombie (3 damage)
             ... on level 3 of the Dungeon.
             The game lasted 00:15:28 (2504 turns).

wythoutpain the Vexing (Ogre Arcane Marksman)       Turns: 2504, Time: 00:15:29

Health: 0/49       AC:  3    Str: 14    XL:     5   Next: 22%
Magic:  2/9        EV: 10    Int: 14    God:
Gold:   252        SH:  0    Dex: 10    Spells: 4/10 levels left

rFire    . . .     SeeInvis +   q - +0 trident
rCold    . . .     Faith    .   (no shield)
rNeg     . . .     Spirit   .   a - +0 robe
rPois    .         Reflect  .   (helmet restricted)
rElec    .         Harm     .   (no cloak)
rCorr    .         Rampage  .   (gloves unavailable)
Will     .....                  (boots unavailable)
Stlth    ++........             (no amulet)
HPRegen  0.16/turn              g - ring of see invisible
MPRegen  0.11/turn              k - ring of stealth

@: very slightly contaminated
A: large, unfitting armour, tough skin 1
a: no special abilities


You were on level 3 of the Dungeon.
You visited 1 branch of the dungeon, and saw 3 of its levels.

You collected 252 gold pieces.

Inventory:

Hand Weapons
 m - a +4 whip
 n - a +1 dagger of protection
 q - a +0 trident (weapon)
 s - a +1 short sword of venom
Missiles
 b - 71 stones
 d - a throwing net
 f - 4 boomerangs
Armour
 a - a +0 robe (worn)
Jewellery
 g - a ring of see invisible (left hand)
 k - a ring of stealth (right hand)
 w - an uncursed ring of protection from fire
Wands
 p - a wand of digging (5)
Scrolls
 e - a scroll of amnesia
 i - 2 scrolls of remove curse
 o - a scroll of immolation
 r - a scroll of magic mapping
 t - a scroll of teleportation
Potions
 h - 2 potions of attraction
 j - 2 potions of haste
 l - 3 potions of brilliance
 u - a potion of curing {unknown}
 v - a potion of might


   Skills:
 + Level 1.7 Fighting
 + Level 0.6 Maces & Flails
 + Level 0.4 Polearms
 + Level 2.9 Throwing
 + Level 2.2 Dodging
 + Level 0.4 Stealth
 + Level 3.1 Spellcasting
 + Level 3.3 Hexes


You had 4 spell levels left.
You knew the following spells:

 Your Spells              Type           Power        Failure   Level
a - Corona                Hex            12%          5%          1
b - Slow                  Hex            11%          9%          2
c - Inner Flame           Hex/Fire       6%           32%         3

Your spell library contained the following spells:

 Spells                   Type           Power        Failure   Level
 Portal Projectile        Hex/Tloc       12%          32%         3
 Cause Fear               Hex            5%           47%         4
 Leda's Liquefaction      Hex/Erth       3%           71%         4


Dungeon Overview and Level Annotations

Branches:
Dungeon (3/15)

Altars:


Innate Abilities, Weirdness & Mutations

You are too large for most types of armour.
You have tough skin. (AC +1)


Message History

The hound zombie closely misses you.
Aiming: Corona (safe; 5% risk of failure)
Press: ? - help, Q - select action, (/) - cycle Shift-Dir - straight line, f/p - hound zombie
Aim: a hound zombie (heavily damaged, chance to affect: 61%)
You miscast Corona.
You are very lightly contaminated with residual magic.
Nothing appears to happen.
The hound zombie bites you.
* * * LOW HITPOINT WARNING * * *
Aiming: Corona (safe; 5% risk of failure)
Press: ? - help, Q - select action, (/) - cycle Shift-Dir - straight line, f/p - hound zombie
Aim: a hound zombie (heavily damaged, chance to affect: 61%)
The hound zombie struggles to resist.
The hound zombie bites you.
* * * LOW HITPOINT WARNING * * *
You completely miss the hound zombie.
The hound zombie is heavily damaged.
The hound zombie bites you but does no damage.
The hound zombie bites you.
You die...

#..............(.
#(...............
#................
#............####
#................
#...............(
#(.....######....
#Z##'###### †...
#@#..)....# ...
#.#.......# ##
#.#.......#
#.#.......##
#.#........+
#.#........#....
#.##'#..........
#.............#+#
#.............#.#.


You could see a hound zombie.

Vanquished Creatures
  Jessica (D:2)
  Terence (D:2)
  2 adders
  4 oozes
  A worm (D:2)
  A leopard gecko (D:3)
  5 orcs (D:3)
  2 ball pythons
  2 giant cockroaches
  5 goblins
  6 hobgoblins
  3 bats (D:1)
  A frilled lizard (D:3)
  6 kobolds
  A leopard gecko skeleton (D:3)
  5 rats
46 creatures vanquished.

Notes
Turn   | Place    | Note
-------+----------+-------------------------------------------
     0 | D:1      | wythoutpain the Ogre Arcane Marksman began the quest for
                  | the Orb.
     0 | D:1      | Reached XP level 1. HP: 19/19 MP: 2/2
   642 | D:1      | Reached XP level 2. HP: 21/27 MP: 1/3
  1226 | D:1      | Reached XP level 3. HP: 32/33 MP: 0/4
  1686 | D:2      | Noticed Terence
  1691 | D:2      | Killed Terence
  1692 | D:2      | Reached XP level 4. HP: 37/41 MP: 4/7
  1704 | D:2      | Learned a level 2 spell: Slow
  1708 | D:2      | Learned a level 3 spell: Inner Flame
  1894 | D:2      | Noticed Jessica
  1895 | D:2      | Killed Jessica
  2261 | D:3      | Reached XP level 5. HP: 48/48 MP: 9/9
  2504 | D:3      | Slain by a hound zombie

Illustrated notes

Levels and vault maps discovered:
D:1:      dpeg_arrival_short_road, layout_loops_corners
D:2:      layout_rooms, uniq_terence, uniq_jessica
D:3:      layout_basic

Skill      XL: |  1  2  3  4 |
---------------+-------------+-----
Dodging        | 2 |  2.2
Hexes          | 3 |  3.3
Spellcasting   | 2 3 |  3.1
Fighting       | |  1.7
Maces & Flails | |  0.6
Polearms       | |  0.4
Throwing       | |  2.9
Stealth        | |  0.4

Action                   |  1- 3 |  4- 6 || total
-------------------------+-------+-------++-------
Melee: Unarmed           |     9 |       ||     9
       Club              |    20 |       ||    20
       Whip              |     3 |       ||     3
       Trident           |     1 |    37 ||    38
Throw: Boomerang         |    43 |    26 ||    69
       Large rock        |     6 |     5 ||    11
       Throwing net      |     1 |       ||     1
 Cast: Corona            |    20 |    12 ||    32
       Slow              |       |     2 ||     2
  Use: Scroll            |     1 |     9 ||    10
 Stab: Sleeping          |     1 |       ||     1
Armor: Robe              |    19 |    16 ||    35
Dodge: Dodged            |    20 |    30 ||    50

Table legend: (Time is in decaauts)
 A = Elapsed time spent in this place.
 B = Non-inter-level travel time spent in this place.
 C = Inter-level travel time spent in this place.
 D = Time resting spent in this place.
 E = Time spent auto-exploring this place.
 F = Levels seen in this place.
 G = Mean time per level.
                   A        B        C        D        E       F      G
               +--------+--------+--------+--------+--------+-----+--------+
         Total |   2538 |   2478 |     60 |    335 |   1687 |   3 |  846.0 |
       Dungeon |   2538 |   2478 |     60 |    335 |   1687 |   3 |  846.0 |
               +--------+--------+--------+--------+--------+-----+--------+

Top non-repeatable levels by time:
     D:1: 1408 daAuts
     D:2: 572 daAuts
     D:3: 557 daAuts
